 Dungeon Crawl Stone Soup version 0.24-a0-361-g57161393b2 (webtiles) character file.

Game seed: 12733257034077056955

14 Amnesiac the Sneak (level 2, -9/11 HPs)
             Began as a Felid Earth Elementalist on May 26, 2019.
             Killed by divine providence
             ... invoked by an orc priest
              (10 damage)
             ... on level 4 of the Dungeon.
             The game lasted 00:02:59 (691 turns).

Amnesiac the Sneak (Felid Earth Elementalist)        Turns: 691, Time: 00:03:00

Health: -9/11      AC:  1    Str:  4    XL:     2   Next: 31%
Magic:  6/6        EV: 18    Int: 16    God:
Gold:   67         SH:  0    Dex: 16    Spells: 5/6 levels left
                                        Lives:  0   Deaths: 0

rFire    . . .     SeeInvis +   (weapon unavailable)
rCold    . . .     Gourm    .   (shield unavailable)
rNeg     . . .     Faith    .   (armour unavailable)
rPois    .         Spirit   .   (helmet unavailable)
rElec    .         Reflect  .   (cloak unavailable)
rCorr    .         Harm     .   (gloves unavailable)
MR       .....                  (boots unavailable)
Stlth    +++.......             (no amulet)
HPRegen  0.03/turn              (no ring)
MPRegen  0.10/turn              (no ring)

@: quick
A: very small, no armour, no weapons or thrown items, stealth, claws 1, fangs 3,
see invisible, carnivore, speed 1, shaggy fur 1, slow metabolism 1, sharp paws
a: no special abilities


You were on level 4 of the Dungeon.
You were very full.

You visited 1 branch of the dungeon, and saw 4 of its levels.

You collected 67 gold pieces.

Inventory:

Missiles
 b - 80 stones
Scrolls
 a - 5 scrolls of identify {!r, unknown}
 d - 2 scrolls of enchant armour {!r, unknown}
 g - a scroll of remove curse {!r, unknown}
Potions
 e - a potion of curing {!q, unknown}
 f - a potion of lignification {!q, unknown}
Comestibles
 c - a ration


   Skills:
 - Level 2.6 Dodging
 + Level 2.8 Stealth
 + Level 2.7 Spellcasting
   Level 1.1 Transmutations
 + Level 2.7 Earth Magic


You had 5 spell levels left.
You knew the following spells:

 Your Spells              Type           Power        Failure   Level  Hunger
a - Sandblast             Erth           ##....       6%          1    #......

Your spell library contained the following spells:

 Spells                   Type           Power        Failure   Level  Hunger
 Passwall                 Tmut/Erth      #.......     13%         2    ##.....
 Stone Arrow              Conj/Erth      #.....       32%         3    ###....
 Petrify                  Tmut/Erth      #.......     65%         4    #####..
 Lee's Rapid Deconstruct  Erth           ##........   86%         5    ######.


Dungeon Overview and Level Annotations

Branches:
Dungeon (4/15)
 Temple: D:4-7

Altars:


Innate Abilities, Weirdness & Mutations

You cannot wear armour.
You are incapable of wielding weapons or throwing items.
Your paws allow you to move quietly. (Stealth)
You have sharp claws.
You have razor-sharp teeth.
You have supernaturally acute eyesight. (SInv)
You are carnivorous and can eat meat at any time.
You cover ground quickly.
You are covered in fur. (AC +1)
You have a slow metabolism.
Your sharp claws are effective at attacking unaware monsters.


Message History

The orc priest moves out of view.
A quokka comes into view.
Found 12 gold pieces.
The orc priest closely misses you. The orc misses you.
The orc wizard mumbles some strange words.
The orc wizard seems to speed up.
Really read
g - a scroll labeled ZUODWUTASM {!r}?
As you read the scroll labeled ZUODWUTASM {!r}, it crumbles to dust.
You assume a fearsome visage.
The orc looks frightened!
The orc priest looks frightened!
The orc priest shouts!
The orc wizard looks frightened!
The orc wizard shouts!
The orc priest looks frightened!
The orc wizard looks frightened!
The orc looks frightened! x2; The quokka looks frightened!
The hound skeleton is unaffected.
It was a scroll of fear {!r}.
The orc wizard gestures wildly while chanting.
The orc wizard blinks!
The hound skeleton completely misses you.
The orc gives up.
The orc wizard casts a spell.
The orc wizard blinks!
The orc wizard casts a spell.
The orc wizard blinks!
The orc wizard mumbles some strange words.
The orc wizard blinks!
The orc gives up.
The orc wizard gestures wildly while chanting.
The orc wizard blinks!
The orc wizard gestures wildly while chanting.
The orc wizard blinks!
The orc wizard casts a spell.
The orc wizard blinks!
The orc wizard mumbles some strange words.
The orc wizard blinks!
The hound skeleton barely misses you.
The orc wizard casts a spell.
The orc wizard blinks!
Found a ring mail.
You see here a scroll labeled RAOCKA JINEE {!r}.
a - 5 scrolls labeled RAOCKA JINEE {!r} (gained 1)
The hound skeleton bites you.
The hound skeleton bites you but does no damage.
The hound skeleton closely misses you.
You see here a scroll labeled BIN CEV FUAN {!r}.
g - a scroll labeled BIN CEV FUAN {!r} The hound skeleton misses you.
The orc priest seems to regain its courage.
The hound skeleton misses you.
An ogre comes into view. It is wielding a +0 giant club.
The ogre shouts!
You hear a shout!
An adder and 3 gnolls come into view.
A gnoll comes into view. It is wielding a +0 whip.
The gnoll misses you.
The orc priest mumbles some strange prayers to Beogh against you.
Pain shoots through your body!
Ouch! That really hurt!
* * * LOW HITPOINT WARNING * * *
Found 27 arrows.
The gnoll hits you but does no damage.
The orc priest mumbles some strange prayers to Beogh against you.
Beogh smites you!
Ouch! That really hurt!
You die...

.......................
....<...................
..............o.........
.......S####.....#......
.....g..# ##..##.####...
.....ga.###.....## ###
...g...g.#.....##
.........Z..#.##
.......@.O.####
.........### .........#
.........# ........##
...##..## ... ..# .. .##


You could see an ogre, a worker ant, an orc priest, 4 gnolls, an adder
(wandering) and a hound skeleton.

Vanquished Creatures
  2 dart slugs
  A leopard gecko (D:1)
  A giant cockroach (D:3)
  A goblin (D:1)
  A bat (D:2)
  5 rats
11 creatures vanquished.

Notes
Turn   | Place    | Note
-------+----------+-------------------------------------------
     0 | D:1      | Amnesiac the Felid Earth Elementalist began the quest for
                  | the Orb.
     0 | D:1      | Reached XP level 1. HP: 7/7 MP: 4/4
   348 | D:2      | Reached XP level 2. HP: 11/11 MP: 4/6
   682 | D:4      | Noticed an ogre
   691 | D:4      | Killed from afar by an orc priest

Levels and vault maps discovered:
D:1:      evilmike_arrival_crescent, layout_rooms, xom_teletrap_fun
D:2:      layout_rooms, tgw_trog
D:3:      layout_basic, marbit_many_paths
D:4:      cheibrodos_pilgrimage, layout_cave_pools,
          eat_drink_and_be_merry_uskayaw, lemuel_crystal_altar, first_ration

Action                   || total
-------------------------++-------
Melee: Unarmed           ||    38
       Bite              ||     1
 Cast: Sandblast         ||     2
  Use: Scroll            ||     1
 Stab: Sleeping          ||     1
  Eat: Chunk             ||     6
Armor: Skin              ||     2
Dodge: Dodged            ||    37

Table legend:
 A = Non-vault XP
 B = Vault XP
 C = Vault XP percentage of total XP
 D = Non-vault monster count
 E = Vault monster count
 F = Vault count percentage of total count
                 A         B        C        D         E       F
            +---------+---------+-------+---------+---------+-------
      Total |      21 |       0 |   0.0 |      11 |       0 |   0.0
            +---------+---------+-------+---------+---------+-------
        D:1 |      10 |       0 |   0.0 |       4 |       0 |   0.0
        D:2 |       6 |       0 |   0.0 |       3 |       0 |   0.0
        D:3 |       5 |       0 |   0.0 |       4 |       0 |   0.0
            +---------+---------+-------+---------+---------+-------
